 Dungeon Crawl Stone Soup version 0.31-a0-981-geadf994542 (webtiles) character file.

Game seed: 7653325351147178230

38 mattiecakes the Ruffian (level 3, 0/27 HPs)
             Began as a Djinni Shapeshifter on Nov 2, 2023.
             Slain by an orc
             ... wielding a +0 dagger
              (2 damage)
             ... on level 3 of the Dungeon.
             The game lasted 00:02:52 (1121 turns).

mattiecakes the Ruffian (Djinni Shapeshifter)       Turns: 1121, Time: 00:02:54

Health: 0/27       AC:  2    Str: 15    XL:     3   Next: 65%
Gold:   101        EV: 12    Int: 11    God:
                   SH:  0    Dex: 12

rFire   + +          .
                       - Unarmed
rCold   x . .        (no shield)
rNeg    . . .        a - +0 animal skin
rPois   ∞            j - melded +1 helmet
rElec   .            (cloak currently unavailable)
rCorr   .            (gloves currently unavailable)
SInv    .            (boots unavailable)
Will    .....        (no amulet)
Stlth   +            (no ring)
HPRegen 0.24/turn    (no ring)
MPRegen 0.00/turn

%: infuse magic (-1 HP)
@: beast-form, flying
A: beast (slay +1), flying, sickness immunity, fire resistance 2, cold
vulnerability 1, float, innate caster, HP casting, extra vitality 1
a: Begin Untransformation


You were on level 3 of the Dungeon.
You were a hulking beast.
You visited 1 branch of the dungeon, and saw 3 of its levels.

You collected 101 gold pieces.

Inventory:

Armour
 a - a +0 animal skin (worn)
 j - a +1 helmet (melded)
Talismans
 c - a beast talisman (active)
 d - a flux talisman
Scrolls
 e - a scroll of amnesia {unknown}
 h - a scroll of identify {unknown}
 i - a scroll of fog {unknown}
Potions
 b - a potion of lignification
 f - a potion of haste {unknown}
 g - 4 potions of curing {unknown}


   Skills:
 - Level 1.0 Fighting
 - Level 2.1 Dodging
 + Level 3.7 Unarmed Combat
 + Level 3.3 Shapeshifting


You knew the following spells:

 Your Spells              Type           Power      Damage    Failure   Level
a - Freeze                Ice            0%         1d3       34%         1
Your spell library was empty.

Dungeon Overview and Level Annotations

Branches:
Dungeon (3/15)

Altars:


Innate Abilities, Weirdness & Mutations

You are a hulking beast.
Your limbs bulge with bestial killing power. (Slay +1)
You are flying.
You are immune to sickness and miasma.
You are immune to poison.
Your flesh is very heat resistant. (rF++)
You are vulnerable to cold. (rC-)
You float through the air rather than walking.
You learn spells naturally, not from books.
Your magical power is your life essence.
You have superior vitality. (+4 MHP)


Message History

You begin transforming.
You continue transforming. x3
Your transformation has ended.
You turn into a hulking beast.
You begin untransforming.
You continue untransforming. x3
Your transformation has ended.
Okay, then.
Unknown command.
You start putting on your armour.
You continue putting on your +1 helmet. x4
You finish putting on your +1 helmet.
You begin transforming.
You continue transforming. x3
You turn into a hulking beast.
Your +1 helmet melds into your body.
You now have 90 gold pieces (gained 10).
You now have 101 gold pieces (gained 11).
An orc comes into view. It is wielding a +0 club.
An orc is nearby!
An orc is nearby!
An orc is nearby!
An orc is nearby!
An orc priest and 2 orcs come into view.
The orc shouts! x3
An endoplasm comes into view.
The orc priest calls down the wrath of Beogh upon you.
Pain shoots through your body! The orc hits you with a +0 club.
You barely miss the orc priest. The orc barely misses you. The orc misses you.
The orc priest misses you.
You completely miss the orc priest. The orc hits you with a +0 dagger.
The orc closely misses you. The orc priest barely misses you.
You barely miss the orc priest. The orc barely misses you. x2
The orc priest hits you with a +0 flail!
You are too injured to fight recklessly!
You are too injured to fight recklessly!
You hit the orc priest.
The orc priest is heavily wounded.
The orc hits you with a +0 club.
* * * LOW HITPOINT WARNING * * *
The orc hits you with a +0 club.
* * * LOW HITPOINT WARNING * * *
The orc hits you with a +0 dagger.
You die...

#.#...................
#.#......####.#.####.#
#.#.........#.#.......
#.#..<..#...#.#.......
#.#####+#...#.#.####..
#...........#.#.# #..
#####.....#.#.#.# #.#
#.o.....#.#.# .#
#ho...###.#.# #oo...#
#.# .J....# ..........
#.......### +.......+
#.......# #........


You could see an orc priest, 3 orcs and an endoplasm.

Vanquished Creatures
  A worm (D:3)
  2 dart slugs
  A ball python (D:1)
  2 endoplasms
  3 giant cockroaches (D:1)
  4 goblins
  A hobgoblin (D:3)
  3 jackals (D:1)
  2 quokkas (D:1)
  3 bats
  4 kobolds (D:1)
  A rat (D:1)
27 creatures vanquished.

Notes
Turn   | Place    | Note
-------+----------+-------------------------------------------
     0 | D:1      | mattiecakes the Djinni Shapeshifter began the quest for the
                  | Orb.
     0 | D:1      | Reached XP level 1. HP: 17/17 MP: 0/0
   104 | D:1      | Reached XP level 2. HP: 22/22 MP: 0/0
   511 | D:1      | Reached XP level 3. HP: 25/27 MP: 0/0
   511 | D:1      | Learned a level 1 spell: Freeze
   880 | D:2      | You are sucked into a shaft and drop 1 floor!
  1121 | D:3      | Slain by an orc

Illustrated notes

Levels and vault maps discovered:
D:1:      elethiomel_arrival_maze, layout_basic, due_unseen_surprise
D:2:      layout_basic, serial_shops, shop, basic_altar,
          dreamdust_ecumenical_altar_grove, grunt_decor_clamped,
          serial_park_tiny_pond, uniq_robin
D:3:      minmay_wonky_spiral, layout_basic, cheibrodos_worm_habitat,
          yredelemnul_altar_generic

Skill      XL: |  1  2 |
---------------+-------+-----
Shapeshifting  | 3 |  3.3
Fighting       | |  1.0
Dodging        | |  2.1
Unarmed Combat | |  3.7

Action                     || total
---------------------------++-------
  Melee: Unarmed           ||    86
         Punch             ||     1
   Stab: Sleeping          ||     2
 Armour: Animal skin       ||    55
  Dodge: Dodged            ||    56
   Form: Beast             ||     2
                           ||     1

Table legend: (Time is in decaauts)
 A = Elapsed time spent in this place.
 B = Non-inter-level travel time spent in this place.
 C = Inter-level travel time spent in this place.
 D = Time resting spent in this place.
 E = Time spent auto-exploring this place.
 F = Levels seen in this place.
 G = Mean time per level.
                   A        B        C        D        E       F      G
               +--------+--------+--------+--------+--------+-----+--------+
         Total |   1116 |   1092 |     24 |    125 |    736 |   3 |  372.0 |
       Dungeon |   1116 |   1092 |     24 |    125 |    736 |   3 |  372.0 |
               +--------+--------+--------+--------+--------+-----+--------+

Top non-repeatable levels by time:
     D:1: 778 daAuts
     D:2: 175 daAuts
     D:3: 162 daAuts
